 Dungeon Crawl Stone Soup version 0.24-a0-203-gf0bc1e9 (webtiles) character file.

Game seed: 14596635019407403784

92 Borgoz the Cutter (level 4, 0/27 HPs)
             Began as a Kobold Gladiator on Mar 26, 2019.
             Succumbed to an adder's poison
             ... on level 3 of the Dungeon on Mar 27, 2019.
             The game lasted 00:03:37 (1965 turns).

Borgoz the Cutter (Kobold Gladiator)                Turns: 1965, Time: 00:03:37

Health: 0/27       AC:  4    Str: 12    XL:     4   Next: 90%
Magic:  5/5        EV: 16    Int:  9    God:
Gold:   187        SH:  0    Dex: 16    Spells: 5/5 levels left

rFire    . . .     SeeInvis .   e - +1 dagger (venom)
rCold    . . .     Gourm    .   (shield restricted)
rNeg     . . .     Faith    .   b - +0 leather armour
rPois    .         Spirit   .   c - +0 helmet
rElec    .         Reflect  .   (no cloak)
rCorr    .         Harm     .   (no gloves)
MR       .....                  (no boots)
Stlth    ++........             (no amulet)
HPRegen  0.09/turn              (no ring)
MPRegen  0.09/turn              (no ring)

@: lethally poisoned (0 -> -11), hasted, very quick
A: small, carnivore
a: no special abilities


You were on level 3 of the Dungeon.
You were completely stuffed.

You visited 1 branch of the dungeon, and saw 3 of its levels.

You collected 187 gold pieces.

Inventory:

Hand Weapons
 a - a +0 rapier
 e - a +1 dagger of venom (weapon)
Missiles
 d - 3 throwing nets (quivered)
Armour
 b - a +0 leather armour (worn)
 c - a +0 helmet (worn)
Scrolls
 h - 3 scrolls of identify {unknown}
 i - a scroll of enchant armour {unknown}
 l - a scroll of blinking {unknown}
Potions
 j - 2 potions of heal wounds {unknown}
 k - a potion of mutation {unknown}
 n - a potion of magic
Comestibles
 f - 4 rations
 m - 5 chunks of flesh


   Skills:
 + Level 2.8 Fighting
 + Level 4.6 Short Blades
 + Level 2.8 Throwing
 + Level 0.8 Armour
 + Level 4.2 Dodging
 + Level 1.4 Stealth
 + Level 1.1 Spellcasting


You had 5 spell levels left.
You didn't know any spells.
Your spell library was empty.

Dungeon Overview and Level Annotations

Branches:
Dungeon (3/15)

Altars:
Makhleb
Vehumet
Yredelemnul


Innate Abilities, Weirdness & Mutations

You are small and have problems with some larger weapons.
You are carnivorous and can eat meat at any time.


Message History

You hit the adder.
The adder is poisoned.
The adder is moderately wounded.
You feel sick. The adder bites you.
You are too injured to fight recklessly!
You are too injured to fight recklessly!
You are too injured to fight recklessly!
You are too injured to fight recklessly!
You are too injured to fight recklessly!
You hit the adder.
The adder looks as sick as possible!
The adder is heavily wounded.
The adder bites you.
* * * LOW HITPOINT WARNING * * *
You are more poisoned.
The adder poisons you!
It was a potion of haste.
You feel yourself speed up.
* * * LOW HITPOINT WARNING * * *
You feel sick. The adder misses you. The adder bites you.
* * * LOW HITPOINT WARNING * * *
It was a potion of magic.
Magic courses through your body.
You die...

##.#.###.#.##
8# ##.#.##
##.#.## (##
##.#.##
##.#.## .8
##.#.##
#.##.#.## .#
##.#.## .#
##.#.## 8#
##.#.##
##..#.##.#.#
# ##.#.##
##).#.##.#.##
# ##.#.##
##.S#†##.#.##
#...##
##.#)@##.#.##
###..##
##.#.)##.#.##
....##
#.#..##†#.##
#######
#.#.#.#.##
###...#
##.#.#.##
......#
##.#.##
###.#.# ##.##
###.#.# ###
##### ..#...#
#...#


You could see an adder.

Vanquished Creatures
  3 adders (D:3)
  An ooze (D:3)
  A worm (D:2)
  A dart slug (D:2)
  2 leopard geckos (D:3)
  2 orcs (D:3)
  5 bats
  4 giant cockroaches
  11 hobgoblins
  2 jackals (D:3)
  2 kobolds
  A frilled lizard (D:2)
  8 goblins
  3 rats
46 creatures vanquished.

Notes
Turn   | Place    | Note
-------+----------+-------------------------------------------
     0 | D:1      | Borgoz the Kobold Gladiator began the quest for the Orb.
     0 | D:1      | Reached XP level 1. HP: 12/12 MP: 1/1
   139 | D:1      | Reached XP level 2. HP: 17/17 MP: 2/2
   705 | D:1      | Reached XP level 3. HP: 22/22 MP: 3/3
  1062 | D:2      | Found a basalt altar of Yredelemnul.
  1080 | D:2      | Reached skill level 1 in Stealth
  1625 | D:3      | Reached XP level 4. HP: 27/27 MP: 5/5
  1742 | D:3      | Reached skill level 1 in Spellcasting
  1760 | D:3      | Found a radiant altar of Vehumet.
  1874 | D:3      | Found a burning altar of Makhleb.
  1964 | D:3      | HP: 1/27 [adder (3)]
  1965 | D:3      | Succumbed to an adder's poison

Levels and vault maps discovered:
D:1:      scummos_arrival_gate, layout_basic
D:2:      layout_loops_ring, overflow_temple_1_default
D:3:      minmay_inner_zag, layout_loops_ring, nicolae_overflow_hidden_temple,
          vehumet_crystals, chequers_ecumenical_altar_lobes,
          nicolae_ru_great_annihilating_truth

Skill      XL: |  1  2  3  4 |
---------------+-------------+-----
Dodging        | 4 |  4.2
Stealth        | 1 |  1.4
Spellcasting   | 1 |  1.1
Fighting       | |  2.8
Short Blades   | |  4.6
Throwing       | |  2.8
Armour         | |  0.8

Action                   |  1- 3 |  4- 6 || total
-------------------------+-------+-------++-------
Melee: Rapier            |    43 |       ||    43
       Dagger            |    73 |    40 ||   113
  Use: Potion            |       |     2 ||     2
 Stab: Sleeping          |     1 |     1 ||     2
  Eat: Chunk             |    11 |     1 ||    12
Armor: Leather armour    |    15 |     8 ||    23
Dodge: Dodged            |    85 |    34 ||   119

Table legend:
 A = Non-vault XP
 B = Vault XP
 C = Vault XP percentage of total XP
 D = Non-vault monster count
 E = Vault monster count
 F = Vault count percentage of total count
                 A         B        C        D         E       F
            +---------+---------+-------+---------+---------+-------
      Total |     112 |      20 |  15.2 |      42 |       4 |   8.7
            +---------+---------+-------+---------+---------+-------
        D:1 |      30 |       0 |   0.0 |      17 |       0 |   0.0
        D:2 |      29 |       0 |   0.0 |      13 |       0 |   0.0
        D:3 |      53 |      20 |  27.4 |      12 |       4 |  25.0
            +---------+---------+-------+---------+---------+-------
